 Dungeon Crawl Stone Soup version 0.29.1-15-g9cfb28693d (webtiles) character file.

Game seed: 468047253118096346

72 Heoruswealwe the Conjurer (level 4, -2/24 HPs)
             Began as a Deep Elf Conjurer on Mar 24, 2023.
             Was an Initiate of Vehumet.
             Slain by an orc
             ... wielding a +0 hand axe
              (3 damage)
             ... on level 3 of the Dungeon.
             The game lasted 00:17:58 (1310 turns).

Heoruswealwe the Conjurer (Deep Elf Conjurer)       Turns: 1310, Time: 00:17:58

Health: -2/24      AC:  2    Str:  4    XL:     4   Next: 7%
Magic:  1/12       EV: 12    Int: 25    God:    Vehumet [......]
Gold:   97         SH:  0    Dex: 13    Spells: 9/12 levels left

rFire   . . .      SeeInvis .   (no weapon)
rCold   . . .      Faith    .   (no shield)
rNeg    . . .      Spirit   .   a - +0 robe
rPois   .          Reflect  .   (no helmet)
rElec   .          Harm     .   (no cloak)
rCorr   .          Rampage  .   (no gloves)
Will    .....                   (no boots)
Stlth   ++........              (no amulet)
HPRegen 0.08/turn               i - ring of wizardry
MPRegen 0.13/turn               (no ring)

@: about to teleport
A: no striking features
a: Renounce Religion


You were on level 3 of the Dungeon.
You worshipped Vehumet.
Vehumet was noncommittal.
You visited 1 branch of the dungeon, and saw 3 of its levels.

You collected 97 gold pieces.

Inventory:

Armour
 a - a +0 robe (worn)
Jewellery
 i - a ring of wizardry (left hand)
Scrolls
 d - 2 scrolls of identify {unknown}
 f - a scroll of enchant armour {unknown}
 g - a scroll of fear {unknown}
 j - 2 scrolls of vulnerability {unknown}
 l - a scroll of magic mapping {unknown}
Potions
 b - a potion of magic
 e - a potion of heal wounds {unknown}
 h - a potion of curing {unknown}
 k - 2 potions of brilliance {unknown}


   Skills:
 - Level 2.4 Dodging
 - Level 2.4 Stealth
 + Level 4.7 Spellcasting
 + Level 5.3 Conjurations


You had 9 spell levels left.
You knew the following spells:

 Your Spells              Type           Power      Damage    Failure   Level
a - Magic Dart            Conj           100%       1d8       1%          1
b - Searing Ray           Conj           64%        2d6       1%          2

Your spell library contained the following spells:

 Spells                   Type           Power      Damage    Failure   Level
 Dazzling Flash           Conj/Hex       38%        N/A       3%          3
 Gell's Gravitas          Tloc           5%         N/A       11%         3
 Teleport Other           Tloc           5%         N/A       11%         3
 Fulminant Prism          Conj/Hex       9%         3d7       12%         4
 Iskenderun's Mystic Bla  Conj/Tloc      19%        2d6       12%         4
 Dispersal                Tloc           2%         N/A       99%         6


Dungeon Overview and Level Annotations

Branches:
Dungeon (3/15)

Altars:
Cheibriados
Hepliaklqana
Vehumet


Message History

Your surroundings suddenly seem different.
An orc, an orc priest and a ball python come into view.
Found a potion of magic and a leather armour.
Found a stone staircase leading up.
The magic dart hits the orc.
The orc is lightly wounded.
The orc shouts!
You hear a shout!
The magic dart hits the orc.
The orc is moderately wounded.
The orc priest shouts!
An orc comes into view. It is wielding a +0 mace.
An orc comes into view. It is wielding a +0 hand axe.
The magic dart hits the orc priest.
The orc priest is lightly wounded.
The orc shouts! x2
The magic dart hits the orc.
You kill the orc!
Vehumet accepts your kill.
The magic dart hits the orc priest.
The orc priest is moderately wounded.
The orc priest mumbles some strange prayers to Beogh against you.
Beogh smites you!
The magic dart hits the orc priest.
The orc priest is severely wounded.
The magic dart hits the orc.
The orc is almost dead.
The ball python hisses angrily.
The magic dart hits the orc.
You kill the orc!
Vehumet accepts your kill.
The magic dart hits the orc.
The orc is heavily wounded.
The orc hits you with a +0 hand axe.
The orc priest mumbles some strange prayers to Beogh against you.
Beogh smites you!
* * * LOW HITPOINT WARNING * * *
As you read the scroll labelled VOOCKET DIECEK, it crumbles to dust.
You feel strangely unstable.
It was a scroll of teleportation.
The orc hits you with a +0 hand axe.
You die...

. .. ... ###
..). ...# .....
..<..
.....o###.....#
......o@.......
.......S.......
............!..
#####.###...[.#
.. ...... .##
...... ## .....
....#


You could see an orc priest, an orc and a ball python.

Vanquished Creatures
  2 adders
  2 orcs (D:3)
  4 bats
  8 endoplasms
  4 giant cockroaches
  3 goblins (D:2)
  2 hobgoblins (D:2)
  2 jackals (D:2)
  3 quokkas (D:1)
  7 ball pythons
  2 frilled lizards (D:2)
  4 kobolds
  4 rats
47 creatures vanquished.

Notes
Turn   | Place    | Note
-------+----------+-------------------------------------------
     0 | D:1      | Heoruswealwe the Deep Elf Conjurer began the quest for the
                  | Orb.
     0 | D:1      | Reached XP level 1. HP: 10/10 MP: 6/6
    65 | D:1      | You fall into a shaft and drop 1 floor!
   121 | D:2      | Reached XP level 2. HP: 15/15 MP: 0/8
   290 | D:1      | Learned a level 2 spell: Searing Ray
   393 | D:1      | Reached XP level 3. HP: 19/19 MP: 3/10
   501 | D:1      | Reached skill level 5 in Conjurations
  1216 | D:3      | Found a hazy altar of Hepliaklqana.
  1217 | D:3      | Found a snail-covered altar of Cheibriados.
  1246 | D:3      | Found a radiant altar of Vehumet.
  1252 | D:3      | Became a worshipper of Vehumet
  1300 | D:3      | Reached XP level 4. HP: 24/24 MP: 9/12
  1309 | D:3      | HP: 1/24 [orc priest/divine providence (10)]
  1310 | D:3      | Slain by an orc

Illustrated notes

Levels and vault maps discovered:
D:1:      dpeg_arrival_tiny_f, layout_basic, moated_statue
D:2:      layout_loops_cross, nicolae_titane
D:3:      layout_rooms, lemuel_round_altar, mainiacjoe_overflow_large_starburst

Skill      XL: |  1  2  3 |
---------------+----------+-----
Spellcasting   | 4 |  4.7
Conjurations   | 5 |  5.3
Dodging        | |  2.4
Stealth        | |  2.4

Action                   |  1- 3 |  4- 6 || total
-------------------------+-------+-------++-------
Melee: Unarmed           |     1 |       ||     1
 Cast: Magic Dart        |    70 |     9 ||    79
  Use: Scroll            |       |     1 ||     1
Armor: Robe              |     2 |       ||     2
Dodge: Dodged            |     3 |       ||     3
